 Dungeon Crawl Stone Soup version 0.26.1-11-gd32895ea62 (webtiles) character file.

Game seed: 17300524042652953459

289 mankey1987 the Cudgeller (level 6, -9/62 HPs)
             Began as an Ogre Berserker on May 28, 2021.
             Was a Believer of Trog.
             Killed by divine providence
             ... invoked by an orc priest
              (15 damage)
             ... on level 3 of the Dungeon.
             The game lasted 00:06:05 (3301 turns).

mankey1987 the Cudgeller (Ogre Berserker)           Turns: 3301, Time: 00:06:07

Health: -9/62      AC:  4    Str: 22    XL:     6   Next: 31%
Magic:  6/6        EV: 11    Int:  8    God:    Trog [**....]
Gold:   151        SH:  0    Dex: 10    Spells: 5/5 levels left

rFire    . . .     SeeInvis .   a - +0 mace
rCold    . . .     Faith    .   (no shield)
rNeg     . . .     Spirit   .   b - +0 animal skin
rPois    .         Reflect  .   (helmet restricted)
rElec    .         Harm     .   u - +0 cloak
rCorr    .         Rampage  .   (gloves unavailable)
Will     .....                  (boots unavailable)
Stlth    +.........             (no amulet)
HPRegen  0.20/turn              (no ring)
MPRegen  0.10/turn              (no ring)

@: berserk cooldown, slowed, very slow
A: large, unfitting armour, tough skin 1
a: Renounce Religion, Berserk, Trog's Hand


You were on level 3 of the Dungeon.
You worshipped Trog.
Trog was pleased with you.
You visited 1 branch of the dungeon, and saw 3 of its levels.

You collected 151 gold pieces.

Inventory:

Hand Weapons
 a - a +0 mace (weapon)
Armour
 b - a +0 animal skin (worn)
 u - a +0 cloak (worn)
Jewellery
 t - a +6 ring of intelligence {unknown}
Wands
 r - a wand of iceblast (10)
Scrolls
 e - 2 scrolls of enchant weapon {unknown}
 f - 8 scrolls of identify {unknown}
 g - a scroll of remove curse {unknown}
 l - a scroll of fear {unknown}
 n - 2 scrolls of magic mapping {unknown}
 o - 3 scrolls of teleportation {unknown}
 p - a scroll of amnesia {unknown}
 q - a scroll of random uselessness {unknown}
Potions
 c - 2 potions of curing
 d - 3 potions of heal wounds {unknown}
 h - 2 potions of flight {unknown}
 i - a potion of resistance {unknown}
 j - 3 potions of invisibility {unknown}
 k - a potion of lignification {unknown}
 m - a potion of haste {unknown}
 s - a potion of degeneration {unknown}
 v - a potion of mutation {unknown}
 w - a potion of cancellation {unknown}


   Skills:
 - Level 4.1 Fighting
 * Level 5.3 Maces & Flails
 + Level 4.1 Dodging


You had 5 spell levels left.
You didn't know any spells.
Your spell library was empty.

Dungeon Overview and Level Annotations

Branches:
Dungeon (3/15)

Altars:
Ashenzari
Vehumet


Innate Abilities, Weirdness & Mutations

You are too large for most types of armour.
You have tough skin. (AC +1)


Message History

The orc priest is moderately wounded.
You are no longer berserk.
You are exhausted.
You feel yourself slow down.
You sock the orc priest!
The orc priest is almost dead.
The orc priest closely misses you.
The orc priest hits you with a +0 hand axe.
* * * LOW HITPOINT WARNING * * *
You closely miss the orc priest.
The orc priest is almost dead.
The orc priest hits you with a +0 hand axe.
* * * LOW HITPOINT WARNING * * *
You hit the orc priest but do no damage.
The orc priest is almost dead.
The orc priest hits you with a +0 hand axe.
* * * LOW HITPOINT WARNING * * *
The orc priest mumbles some strange prayers to Beogh against you.
Beogh smites you!
You die...

.... ...### #.... ....
#..# #..#####. #.)......
#o####### #@# #.# #.#
###########
#######.####.........##
.............######...##
######...##### ##.....#
#.....# #....... ##...##
##...... ##.## ##...##


You could see an orc priest.

Vanquished Creatures
  The ghost of Zeld the Changer, an amateur OpTm (D:3)
  An orc priest (D:3)
  An orc wizard (D:3)
  9 adders (D:2)
  An ooze (D:2)
  A worm (D:2)
  3 dart slugs (D:2)
  3 orcs (D:3)
  12 bats
  4 giant cockroaches
  5 goblins
  5 hobgoblins
  3 quokkas
  A ball python (D:2)
  5 frilled lizards
  8 kobolds
  10 rats
73 creatures vanquished.

Notes
Turn   | Place    | Note
-------+----------+-------------------------------------------
     0 | D:1      | mankey1987 the Ogre Berserker began the quest for the Orb.
     0 | D:1      | Reached XP level 1. HP: 24/24 MP: 1/1
   293 | D:1      | Reached skill level 3 in Maces & Flails
   392 | D:1      | Reached XP level 2. HP: 31/32 MP: 2/2
   875 | D:2      | Reached XP level 3. HP: 35/39 MP: 3/3
  1202 | D:2      | Found a radiant altar of Vehumet.
  1423 | D:2      | Reached XP level 4. HP: 48/48 MP: 4/4
  1654 | D:2      | Reached skill level 4 in Maces & Flails
  1838 | D:2      | Reached ** piety under Trog
  2095 | D:2      | Reached XP level 5. HP: 54/54 MP: 5/5
  2760 | D:3      | Found a broken altar of Ashenzari.
  3055 | D:3      | Found a runed translucent door.
  3055 | D:3      | Noticed Zeld's ghost (amateur OpTm)
  3164 | D:3      | Killed Zeld's ghost
  3165 | D:3      | Reached skill level 5 in Maces & Flails
  3165 | D:3      | Reached XP level 6. HP: 62/62 MP: 6/6
  3301 | D:3      | Killed from afar by an orc priest

Illustrated notes

Levels and vault maps discovered:
D:1:      minmay_arrival_stone_box, layout_loops_ring
D:2:      layout_loops_ring, nicolae_overflow_crystal_walls,
          minmay_joined_circles
D:3:      layout_loops_corners, evilmike_ruin_ashenzari,
          hellmonk_ghost_happy_afterlife, lemuel_altar_in_water

Skill      XL: |  1  2  3  4  5 |
---------------+----------------+-----
Maces & Flails | 3 4 5 |  5.3
Dodging        | 3 4 |  4.1
Fighting       | |  4.1

Action                   |  1- 3 |  4- 6 || total
-------------------------+-------+-------++-------
Melee: Mace              |    81 |   197 ||   278
Invok: Berserk           |     2 |     4 ||     6
  Use: Potion            |     1 |       ||     1
Armor: Animal skin       |    42 |    48 ||    90
Dodge: Dodged            |    63 |   131 ||   194
